 Dungeon Crawl Stone Soup version 0.29.1-12-g30fa7ad0bf (webtiles) character file.

Game seed: 8909926788507254761

240 wormed the Conjurer (level 5, -4/35 HPs)
             Began as a Demonspawn Conjurer on Dec 27, 2022.
             Slain by Pikel
             ... wielding a +2 whip of flaming
              (11 damage)
             ... on level 3 of the Dungeon.
             The game lasted 00:08:31 (5669 turns).

wormed the Conjurer (Demonspawn Conjurer)           Turns: 5669, Time: 00:08:32

Health: -4/35      AC:  3    Str:  7    XL:     5   Next: 79%
Magic:  7/11       EV: 11    Int: 21    God:
Gold:   241        SH:  3    Dex: 12    Spells: 1/12 levels left

rFire   . . .      SeeInvis .   v - +3 whip (elec)
rCold   . . .      Faith    .   i - +0 buckler
rNeg    . . .      Spirit   .   a - +0 robe
rPois   .          Reflect  .   (no helmet)
rElec   .          Harm     .   s - +0 cloak
rCorr   .          Rampage  .   (no gloves)
Will    .....                   (no boots)
Stlth   ++........              (no amulet)
HPRegen 0.11/turn               k - +4 ring of slaying
MPRegen 0.12/turn               (no ring)

@: very slightly contaminated
A: claws 2, foul stench 1
a: no special abilities


You were on level 3 of the Dungeon.
You visited 1 branch of the dungeon, and saw 4 of its levels.

You collected 241 gold pieces.

Inventory:

Hand Weapons
 v - a +3 whip of electrocution (weapon)
Armour
 a - a +0 robe (worn)
 i - a +0 buckler (worn)
 s - a +0 cloak (worn)
Jewellery
 k - a +4 ring of slaying (left claw)
 r - a ring of ice
Scrolls
 b - a scroll of summoning {unknown}
 e - a scroll of magic mapping {unknown}
 f - 3 scrolls of identify {unknown}
 h - a scroll of brand weapon {unknown}
 j - a scroll of butterflies {unknown}
 l - 2 scrolls of teleportation {unknown}
 m - a scroll of vulnerability {unknown}
 n - a scroll of poison {unknown}
 o - 3 scrolls of enchant armour {unknown}
 x - a scroll of immolation {unknown}
Potions
 c - a potion of brilliance {unknown}
 d - 6 potions of curing {unknown}
 g - a potion of degeneration {unknown}
 p - a potion of cancellation {unknown}
 q - a potion of lignification {unknown}
 u - a potion of resistance {unknown}
 w - a potion of flight {unknown}


   Skills:
 - Level 2.0 Dodging
 - Level 2.0 Stealth
 + Level 0.6 Shields
 - Level 4.0 Spellcasting
 - Level 5.7 Conjurations


You had one spell level left.
You knew the following spells:

 Your Spells              Type           Power      Damage    Failure   Level
a - Magic Dart            Conj           100%       1d8       1%          1
b - Searing Ray           Conj           56%        2d6       2%          2
c - Fulminant Prism       Conj/Hex       8%         3d7       45%         4
d - Iskenderun's Mystic   Conj/Tloc      16%        2d5       45%         4

Your spell library contained the following spells:

 Spells                   Type           Power      Damage    Failure   Level
 Slow                     Hex            16%        N/A       16%         1
 Dazzling Flash           Conj/Hex       32%        N/A       16%         3
 Summon Guardian Golem    Hex/Summ       4%         N/A       43%         3
 Orb of Destruction       Conj           14%        9d7       100%        7
 Spellforged Servitor     Conj/Summ      8%         N/A       100%        7
 Borgnjor's Revivificati  Necr           2%         N/A       100%        8
 Necromutation            Tmut/Necr      2%         N/A       100%        8
 Death's Door             Necr           2%         N/A       100%        9


Dungeon Overview and Level Annotations

Branches:
Dungeon (4/15)
 Temple: D:4-7

Altars:
Ashenzari
Gozag
Hepliaklqana
Okawaru
Uskayaw

Shops:
D:2 (

Annotations:
D:3 Pikel
D:4 Edmund


Innate Abilities, Weirdness & Mutations

You have very sharp fingernails.
You may rarely emit foul miasma when damaged in melee.


Message History

Level annotation: Edmund, Pikel Pikel hits you with a +2 whip of flaming.
Pikel burns you. You block Pikel's attack.
There is a stone staircase leading up here.
Casting: Fulminant Prism (extremely dangerous; 45% risk of failure)
Confirm with . or Enter, or press ? or * to list all spells.
The spell is extremely dangerous to miscast (45% risk of failure)!
Continue anyway?
You miscast Iskenderun's Mystic Blast.
You are very lightly contaminated with residual magic.
Nothing appears to happen.
A lemure comes into view.
Pikel hits you with a +2 whip of flaming!
Pikel burns you.
Unknown command.
Pikel hits you with a +2 whip of flaming.
Pikel burns you.
You climb upwards.
There is a stone staircase leading down here.
Casting: Iskenderun's Mystic Blast (extremely dangerous; 45% risk of failure)
Confirm with . or Enter, or press ? or * to list all spells.
The spell is extremely dangerous to miscast (45% risk of failure)!
Continue anyway?
You miscast Iskenderun's Mystic Blast.
Nothing appears to happen.
Pikel hits you with a +2 whip of flaming.
* * * LOW HITPOINT WARNING * * *
Pikel burns you.
* * * LOW HITPOINT WARNING * * *
Casting: Iskenderun's Mystic Blast (extremely dangerous; 45% risk of failure)
Confirm with . or Enter, or press ? or * to list all spells.
You don't have enough magic to cast this spell.
Casting: Iskenderun's Mystic Blast (extremely dangerous; 45% risk of failure)
Confirm with . or Enter, or press ? or * to list all spells.
You don't have enough magic to cast this spell.
Magic courses through your body. Pikel closely misses you.
Casting: Iskenderun's Mystic Blast (extremely dangerous; 45% risk of failure)
Confirm with . or Enter, or press ? or * to list all spells.
The spell is extremely dangerous to miscast (45% risk of failure)!
Continue anyway?
You erupt in a blast of force!
The mystic blast hits Pikel but does no damage.
Pikel hits you with a +2 whip of flaming!
You die...

##################
#.................
#.######.#####.... #@#
#.#####.### #K#
#.##.......
########>######.##.##.###
#...............##<##....
#.####.#..##.#####.##..##
#.# #.#..#.#.####.##....
#.# #.....###...#.##..##
#####.#
#....#.#.#....##.###
#.....#
#..........#..##.# #


You could see Pikel.

Vanquished Creatures
  A phantom (D:3)
  Crazy Yiuf (D:2)
  Robin (D:2)
  4 adders
  3 worms
  A dart slug (D:3)
  2 orcs
  4 ball pythons
  2 bats
  3 endoplasms
  2 giant cockroaches (D:3)
  14 goblins
  10 hobgoblins
  6 jackals
  4 quokkas
  6 frilled lizards
  6 kobolds
  4 rats
74 creatures vanquished.

Vanquished Creatures (others)
  4 fungi (D:2)
  4 plants
8 creatures vanquished.

Grand Total: 82 creatures vanquished

Notes
Turn   | Place    | Note
-------+----------+-------------------------------------------
     0 | D:1      | wormed the Demonspawn Conjurer began the quest for the Orb.
     0 | D:1      | Reached XP level 1. HP: 13/13 MP: 3/3
   463 | D:1      | Gained mutation: You have sharp fingernails. [demonic
                  | ancestry]
   463 | D:1      | Reached XP level 2. HP: 19/19 MP: 3/5
   574 | D:1      | Learned a level 2 spell: Searing Ray
  1405 | D:2      | Gained mutation: You may rarely emit foul miasma when
                  | damaged in melee. [demonic ancestry]
  1405 | D:2      | Reached XP level 3. HP: 21/24 MP: 2/6
  1837 | D:1      | HP: 1/24 [orc/+0 flail (6)]
  2458 | D:2      | Found Porphonka's Weapon Shoppe.
  2687 | D:2      | Noticed Robin
  2703 | D:2      | Killed Robin
  2844 | D:2      | Found a faded altar of an unknown god.
  2907 | D:2      | Got Plato's Compendium of Bewitchment
  3043 | D:2      | Reached XP level 4. HP: 30/30 MP: 5/8
  3507 | D:2      | Found a runed translucent door.
  3508 | D:2      | Noticed Crazy Yiuf
  3516 | D:2      | Killed Crazy Yiuf
  3517 | D:2      | Reached skill level 5 in Conjurations
  3806 | D:3      | Found a broken altar of Ashenzari.
  4535 | D:3      | Gained mutation: You have very sharp fingernails. [demonic
                  | ancestry]
  4535 | D:3      | Reached XP level 5. HP: 35/35 MP: 6/10
  4765 | D:3      | Found an iron altar of Okawaru.
  4772 | D:3      | Found a hazy altar of Hepliaklqana.
  4777 | D:3      | Found a hide-covered altar of Uskayaw.
  4784 | D:3      | Learned a level 4 spell: Fulminant Prism
  4789 | D:3      | Learned a level 4 spell: Iskenderun's Mystic Blast
  4815 | D:4      | Noticed a phantom
  4815 | D:4      | Found an opulent altar of Gozag.
  4828 | D:3      | Killed a phantom
  5182 | D:4      | Noticed Edmund
  5600 | D:4      | Noticed Pikel
  5601 | D:4      | Noticed a lemure
  5662 | D:4      | Noticed a lemure
  5669 | D:3      | Slain by Pikel

Illustrated notes

Levels and vault maps discovered:
D:1:      minmay_arrival_stair_chambers, layout_basic, serial_forest,
          infiniplex_forest_end_3, infiniplex_forest_straight_2,
          infiniplex_forest_lined_2, infiniplex_forest_straight_4,
          infiniplex_forest_lined_2, infiniplex_forest_end_double,
          infiniplex_forest_lined_2, ebering_dispersal_statue_hall
D:2:      layout_loops_ring, shapermc_ecumenical_altar_rom_forum, serial_shops,
          nicolae_shop_trees, minmay_heptomino_o4, uniq_robin,
          uniq_crazy_yiuf_cottage
D:3:      corexii_shack_village, layout_loops_ring, ashenzari_altar_1,
          minitemple, kennysheep_path_1, minmay_ruptured
D:4:      layout_rooms, nicolae_gozag_cash_rules_everything_around_me,
          uniq_edmund, uniq_pikel

Skill      XL: |  1  2  3  4  5 |
---------------+----------------+-----
Dodging        | 2 |  2.0
Stealth        | 2 |  2.0
Spellcasting   | 3 4 |  4.0
Conjurations   | 5 |  5.7
Shields        | |  0.6

Action                   |  1- 3 |  4- 6 || total
-------------------------+-------+-------++-------
Melee: Unarmed           |     4 |       ||     4
       Dagger            |     4 |       ||     4
       Whip              |       |     7 ||     7
 Cast: Magic Dart        |    25 |       ||    25
       Searing Ray       |    22 |    32 ||    54
       Iskenderun's Myst |       |     2 ||     2
  Use: Potion            |     1 |     1 ||     2
Armor: Robe              |     4 |     4 ||     8
Dodge: Dodged            |    14 |    14 ||    28
Block: Buckler           |       |     1 ||     1
